 Dungeon Crawl Stone Soup version 0.29.0-4-gdea44cf6ec (webtiles) character file.

Game seed: 10339263518531794144

4 qw the Sneak (level 1, -1/14 HPs)
             Began as a Gargoyle Delver on Sept 10, 2022.
             Slain by an iguana (7 damage)
             ... on level 4 of the Dungeon.
             The game lasted 00:00:05 (190 turns).

qw the Sneak (Gargoyle Delver)                       Turns: 190, Time: 00:00:06

Health: -1/14      AC:  5    Str: 15    XL:     1   Next: 60%
Magic:  1/1        EV: 15    Int: 10    God:
Gold:   16         SH:  0    Dex: 11    Spells: 0/0 levels left

rFire   . . .      SeeInvis .   Y - +0 hand axe
rCold   . . .      Faith    .   (no shield)
rNeg    + . .      Spirit   .   b - +0 leather armour
rPois   inf        Reflect  .   (no helmet)
rElec   +          Harm     .   (no cloak)
rCorr   .          Rampage  .   (no gloves)
Will    .....                   (no boots)
Stlth   +++.......              (no amulet)
HPRegen 0.04/turn               h - +4 ring of evasion
MPRegen 0.07/turn               (no ring)

@: no status effects
A: sickness immunity, AC +2, negative energy resistance 1, electricity
resistance, torment resistance 1, petrification resistance
a: no special abilities


You were on level 4 of the Dungeon.
You visited 1 branch of the dungeon, and saw 2 of its levels.

You collected 16 gold pieces.


Innate Abilities, Weirdness & Mutations

You are immune to sickness and miasma.
Your stone body is resilient. (AC +2)
You are immune to poison.
You resist negative energy. (rN+)
You are resistant to electric shocks. (rElec)
You are resistant to unholy torment.
You are immune to petrification.


   Skills:
 - Level 3.2 Fighting
 + Level 2.1 Axes
 - Level 1.5 Dodging
 - Level 5.4 Stealth


You couldn't memorise any spells.
You didn't know any spells.
Your spell library was empty.

Inventory:

Hand Weapons
 Y - a +0 hand axe (weapon)
Missiles
 j - 5 boomerangs (quivered)
Armour
 b - a +0 leather armour (worn)
Jewellery
 h - a +4 ring of evasion (left hand)
Wands
 g - a wand of digging (3)
Potions
 f - a potion of haste

Dungeon Overview and Level Annotations

Branches:
Dungeon (5/15)
 Temple: D:4-7

Altars:


Message History

The giant cockroach is moderately wounded.
The giant cockroach barely misses you. The giant cockroach bites you.
You hit the giant cockroach.
The giant cockroach is heavily wounded.
The giant cockroach bites you but does no damage.
You hit the giant cockroach.
You kill the giant cockroach!
Your Axes skill increases to level 2!
You start resting.
HP restored.
A goblin comes into view. It is wielding a +0 dagger.
Enter note:
Enter note: Throw: 5 boomerangs
Press: ? - help, Q - select action Shift-Dir - straight line, f - goblin You throw a boomerang.
The boomerang hits the goblin.
You kill the goblin!
Found a stone staircase leading down.
An iguana comes into view.
Throw: 5 boomerangs
Press: ? - help, Q - select action Shift-Dir - straight line, f - iguana You throw a boomerang.
The boomerang hits the iguana.
The iguana is lightly wounded.
Throw: 5 boomerangs
Press: ? - help, Q - select action Shift-Dir - straight line, f/p - iguana You throw a boomerang.
The boomerang hits the iguana but does no damage.
The iguana is lightly wounded.
Throw: 5 boomerangs
Press: ? - help, Q - select action Shift-Dir - straight line, f/p - iguana You throw a boomerang.
The boomerang hits the iguana but does no damage.
The iguana is lightly wounded.
You hit the iguana.
The iguana is moderately wounded.
The iguana bites you!
Ouch! That really hurt!
The iguana bites you!
Ouch! That really hurt!
You die...

#### ##... ....
>.. # ##...##
#..#. #). ..#
....#.###.# #l#
..........###@#
..........##..####
.................#
..........##.##..#
................##
..........##.####
..............#
...#####......# .
#####.....###


You could see an iguana.

Vanquished Creatures
  A giant cockroach (D:4)
  A goblin (D:4)
  A quokka (D:5)
3 creatures vanquished.

Notes
Turn   | Place    | Note
-------+----------+-------------------------------------------
     0 | D:5      | qw the Gargoyle Delver began the quest for the Orb.
     0 | D:5      | Reached XP level 1. HP: 14/14 MP: 1/1
     0 | D:5      | 0 ||| qw: Version: 0.1-a-117-gfe26ee0
     0 | D:5      | 0 ||| qw: Game counter: 9796
     0 | D:5      | 0 ||| qw: Always use a shield: true
     0 | D:5      | 0 ||| qw: God list: Okawaru
     0 | D:5      | 0 ||| qw: Allow faded altars: false
     0 | D:5      | 0 ||| qw: Do Orc after D:15 true
     0 | D:5      | 0 ||| qw: Do second Lair branch before Depths: true
     0 | D:5      | 0 ||| qw: Lair rune preference: random
     0 | D:5      | 0 ||| qw: Plans: Normal
     0 | D:5      | 0 ||| PLANNING D:1-11
   108 | D:5      | 108 ||| UPGRADING to +4 ring of evasion.
   109 | D:5      | 109 ||| READING scroll labelled YFAMAI ECSUCU.
   112 | D:5      | 112 ||| DROPPING scroll of fog.
   113 | D:5      | 113 ||| DROPPING scroll of magic mapping.
   114 | D:5      | 114 ||| DROPPING scroll of fear.
   185 | D:4      | Noticed an iguana
   190 | D:4      | Slain by an iguana

Levels and vault maps discovered:
D:4:      layout_rooms, mainiacjoe_overflow_chevrons, temple_pool_b,
          nicolae_shop_dragon_depot
D:5:      layout_gridville, nemelex_dance_club_becter, kennysheep_crisscross

Skill      XL: |  1 |
---------------+----+-----
Axes           | 2 |  2.1
Fighting       | |  3.2
Dodging        | |  1.5
Stealth        | |  5.4

Action                   || total
-------------------------++-------
Melee: Hand axe          ||    13
Throw: Boomerang         ||     5
  Use: Scroll            ||     1
Armor: Leather armour    ||     5
Dodge: Dodged            ||     8

Table legend:
 A = Non-vault XP
 B = Vault XP
 C = Vault XP percentage of total XP
 D = Non-vault monster count
 E = Vault monster count
 F = Vault count percentage of total count
                 A         B        C        D         E       F
            +---------+---------+-------+---------+---------+-------
      Total |       6 |       0 |   0.0 |       3 |       0 |   0.0
            +---------+---------+-------+---------+---------+-------
        D:4 |       4 |       0 |   0.0 |       2 |       0 |   0.0
        D:5 |       2 |       0 |   0.0 |       1 |       0 |   0.0
            +---------+---------+-------+---------+---------+-------
